 Dungeon Crawl Stone Soup version 0.31-a0-167-g1c394c0614 (webtiles) character file.

Game seed: 13372907551674407875

420 qw the Shooter (level 6, -1/60 HPs)
             Began as a Naga Hunter on June 14, 2023.
             Slain by Pikel
             ... wielding a +1 whip of freezing
              (7 damage)
             ... on level 4 of the Dungeon.
             The game lasted 00:00:53 (2808 turns).

qw the Shooter (Naga Hunter)                        Turns: 2808, Time: 00:00:54

Health: -1/60      AC:  3    Str: 13    XL:     6   Next: 94%
Magic:  6/6        EV: 14    Int:  9    God:
Gold:   110        SH:  0    Dex: 17    Spells: 5/5 levels left

rFire   + . .        a - +0 shortbow (heavy)
rCold   . . .        (shield currently unavailable)
rNeg    . . .        c - +0 leather armour
rPois   +            (no helmet)
rElec   .            (no cloak)
rCorr   .            (no gloves)
SInv    +            (no barding)
Will    .....        (no amulet)
Stlth   ++           j - ring of protection from fire
HPRegen 0.30/turn    h - +5 ring of evasion
MPRegen 0.10/turn

%: no passive effects
@: very slow
A: AC +2, large, see invisible, deformed body, poison resistance, slowness 2,
spit poison 1, naga tail 1
a: Spit Poison


You were on level 4 of the Dungeon.
You visited 1 branch of the dungeon, and saw 4 of its levels.

You collected 110 gold pieces.


Innate Abilities, Weirdness & Mutations

Your serpentine skin is tough. (AC +2)
You have supernaturally acute eyesight. (SInv)
Armour fits poorly on your strangely shaped body.
Your system is resistant to poisons. (rPois)
You cover ground very slowly.
You can spit poison.
You have a snake-like lower body.


   Skills:
 - Level 4.9 Fighting
 - Level 6.0 Ranged Weapons
 + Level 1.5 Dodging
 - Level 1.5 Stealth


You had 5 spell levels left.
You didn't know any spells.
Your spell library was empty.

Inventory:

Hand Weapons
 a - a +0 heavy shortbow (weapon)
Armour
 c - a +0 leather armour (worn)
Jewellery
 h - a +5 ring of evasion (right hand)
 j - a ring of protection from fire (left hand)
Wands
 m - a wand of digging (6)
Scrolls
 k - a scroll of enchant armour
 l - a scroll of identify
Potions
 b - a potion of haste {unknown}
 d - a potion of curing
 e - a potion of enlightenment {unknown}
 f - a potion of heal wounds {unknown}
 g - a potion of cancellation {unknown}
 i - 2 potions of mutation {unknown}

Dungeon Overview and Level Annotations

Branches:
Dungeon (4/15)
 Temple: D:4-7

Altars:
Zin

Shops:
D:3 *

Annotations:
D:4 Pikel


Message History

The lemure hits you.
Pikel says, "You'll feel the lick of my whip!"
A lemure comes into view.
The lemure closely misses you.
You shoot an arrow. The arrow barely misses the lemure.
The lemure shouts!
You hear a shout!
The lemure hits you.
Pikel hits you with a +1 whip of freezing!
Pikel freezes you.
You shoot an arrow. The arrow hits the lemure!
You kill the lemure!
That felt strangely unrewarding.
Pikel closely misses you.
Pikel says, "You'll make a fine lemure."
Pikel closely misses you.
You shoot an arrow. The arrow barely misses Pikel.
You have got your breath back.
Pikel closely misses you. Pikel misses you.
2805 ||| INVOKING Spit Poison.
Aiming: Spit Poison (1% risk of failure)
Press: ? - help, Shift-Dir - straight line, f/p - Pikel The splash of poison hits Pikel.
Pikel is lightly wounded.
Pikel closely misses you.
You shoot an arrow. The arrow closely misses Pikel.
Pikel closely misses you.
You shoot an arrow. The arrow hits Pikel!
Pikel is heavily wounded.
Pikel hits you with a +1 whip of freezing!
Pikel freezes you.
Pikel hits you with a +1 whip of freezing.
Pikel freezes you.
You shoot an arrow. The arrow hits Pikel.
Pikel is heavily wounded.
You have got your breath back.
Pikel hits you with a +1 whip of freezing.
Pikel freezes you.
Pikel hits you with a +1 whip of freezing!
You die...

.............
....#.##.#.#
....#......###
..).###..#.#.#
....# #..#.#.#
.##(# #......#
.##.# #....#.#
.##.###....#.######
.# #..........@.#
.# #....#.#.#.##K#
.# ........#.#.# 5#
.##.###........# 5#
.##. #......... 5.
).. #.##.##### .#
.## #. #. .. ... ..
.. .#


You could see Pikel and 3 lemures.

Vanquished Creatures
  Sigmund (D:3)
  A lemure (D:4)
  A bullfrog (D:4)
  A hound (D:4)
  Ijyb (D:4)
  Jessica (D:2)
  An orc wizard (D:4)
  An adder (D:3)
  2 worms (D:2)
  4 dart slugs
  2 orcs (D:4)
  7 bats
  6 endoplasms
  4 giant cockroaches
  6 goblins
  4 hobgoblins
  5 kobolds
  2 quokkas
  9 ball pythons
  3 frilled lizards
  5 rats
67 creatures vanquished.

Notes
Turn   | Place    | Note
-------+----------+-------------------------------------------
     0 | D:1      | qw the Naga Hunter began the quest for the Orb.
     0 | D:1      | Reached XP level 1. HP: 19/19 MP: 1/1
     0 | D:1      | 0 ||| qw: Version: 0.2-a-29-g1fa15c8
     0 | D:1      | 0 ||| qw: Game counter: 4934
     0 | D:1      | 0 ||| qw: Always use a shield: true
     0 | D:1      | 0 ||| qw: God list: Okawaru
     0 | D:1      | 0 ||| qw: Allow faded altars: false
     0 | D:1      | 0 ||| qw: Do Orc after D:15 true
     0 | D:1      | 0 ||| qw: Do second Lair branch before Depths: true
     0 | D:1      | 0 ||| qw: Lair rune preference: random
     0 | D:1      | 0 ||| qw: Plans: Normal
     0 | D:1      | 0 ||| PLANNING D:1-11
   172 | D:1      | 172 ||| INVOKING Spit Poison.
   176 | D:1      | 176 ||| INVOKING Spit Poison.
   237 | D:1      | 237 ||| INVOKING Spit Poison.
   294 | D:1      | 294 ||| INVOKING Spit Poison.
   295 | D:1      | Found a faded altar of an unknown god.
   321 | D:1      | 321 ||| INVOKING Spit Poison.
   334 | D:1      | 334 ||| INVOKING Spit Poison.
   340 | D:1      | 340 ||| INVOKING Spit Poison.
   341 | D:1      | Reached skill level 4 in Ranged Weapons
   341 | D:1      | Reached XP level 2. HP: 18/26 MP: 2/2
   343 | D:1      | 343 ||| INVOKING Spit Poison.
   397 | D:1      | 397 ||| INVOKING Spit Poison.
   727 | D:1      | 727 ||| INVOKING Spit Poison.
   783 | D:1      | 783 ||| INVOKING Spit Poison.
   794 | D:1      | 794 ||| INVOKING Spit Poison.
  1025 | D:1      | 1025 ||| UPGRADING to ring of protection from fire.
  1026 | D:1      | 1026 ||| READING scroll labelled LYMEUNWELI.
  1027 | D:1      | 1027 ||| READING scroll labelled XEOTAT YTITALUIDD.
  1028 | D:1      | 1028 ||| READING scroll labelled KAXAEDUAMY.
  1129 | D:1      | 1129 ||| READING scroll labelled FERREL OMM.
  1130 | D:1      | 1130 ||| DROPPING scroll of butterflies.
  1223 | D:2      | 1223 ||| INVOKING Spit Poison.
  1226 | D:2      | Noticed Jessica
  1228 | D:2      | 1228 ||| INVOKING Spit Poison.
  1229 | D:2      | Killed Jessica
  1230 | D:2      | Reached XP level 3. HP: 32/32 MP: 3/3
  1232 | D:2      | 1232 ||| INVOKING Spit Poison.
  1257 | D:2      | 1257 ||| INVOKING Spit Poison.
  1262 | D:2      | 1262 ||| INVOKING Spit Poison.
  1306 | D:2      | 1306 ||| INVOKING Spit Poison.
  1311 | D:2      | 1311 ||| INVOKING Spit Poison.
  1319 | D:2      | Reached skill level 5 in Ranged Weapons
  1319 | D:2      | Reached XP level 4. HP: 37/39 MP: 4/4
  1347 | D:2      | 1347 ||| INVOKING Spit Poison.
  1350 | D:2      | 1350 ||| INVOKING Spit Poison.
  1387 | D:2      | 1387 ||| INVOKING Spit Poison.
  1391 | D:2      | 1391 ||| INVOKING Spit Poison.
  1422 | D:2      | 1422 ||| INVOKING Spit Poison.
  1463 | D:2      | 1463 ||| INVOKING Spit Poison.
  1533 | D:2      | 1533 ||| INVOKING Spit Poison.
  1538 | D:2      | 1538 ||| INVOKING Spit Poison.
  1558 | D:2      | You fall into a shaft and drop 1 floor!
  1652 | D:3      | 1652 ||| READING scroll labelled YTHOIGUOSCH.
  1656 | D:3      | 1656 ||| READING scroll labelled TIKER YKUPSO.
  1657 | D:3      | 1657 ||| READING scroll labelled CISUONT XOERCHY.
  1658 | D:3      | 1658 ||| READING scroll labelled WIFREC WYVU.
  1659 | D:3      | 1659 ||| READING scroll labelled JELE YTIDIDGHI.
  1663 | D:3      | 1663 ||| INVOKING Spit Poison.
  1675 | D:3      | Found Zin's Purification Station.
  1678 | D:3      | Found a glowing silver altar of Zin.
  1851 | D:2      | 1851 ||| INVOKING Spit Poison.
  1860 | D:2      | 1860 ||| INVOKING Spit Poison.
  1926 | D:3      | 1926 ||| SHOPLISTING potion of curing (90 gold, have 63).
  1942 | D:3      | 1942 ||| INVOKING Spit Poison.
  2046 | D:3      | 2046 ||| INVOKING Spit Poison.
  2120 | D:3      | 2120 ||| INVOKING Spit Poison.
  2150 | D:3      | 2150 ||| INVOKING Spit Poison.
  2219 | D:3      | Noticed Sigmund
  2220 | D:3      | 2220 ||| INVOKING Spit Poison.
  2223 | D:3      | 2223 ||| INVOKING Spit Poison.
  2227 | D:3      | Killed Sigmund
  2228 | D:3      | Reached XP level 5. HP: 15/51 MP: 5/5
  2228 | D:3      | Reached XP level 6. HP: 18/60 MP: 6/6
  2458 | D:3      | 2458 ||| INVOKING Spit Poison.
  2567 | D:3      | 2567 ||| INVOKING Spit Poison.
  2587 | D:3      | 2587 ||| UPGRADING to +5 ring of evasion.
  2588 | D:3      | 2588 ||| DRINKING 2 smoky ruby potions.
  2616 | D:4      | 2616 ||| INVOKING Spit Poison.
  2658 | D:4      | 2658 ||| INVOKING Spit Poison.
  2665 | D:4      | 2665 ||| INVOKING Spit Poison.
  2667 | D:4      | Noticed Ijyb
  2669 | D:4      | 2669 ||| INVOKING Spit Poison.
  2672 | D:4      | 2672 ||| INVOKING Spit Poison.
  2677 | D:4      | 2677 ||| INVOKING Spit Poison.
  2677 | D:4      | Killed Ijyb
  2740 | D:4      | 2740 ||| INVOKING Spit Poison.
  2750 | D:4      | 2750 ||| INVOKING Spit Poison.
  2754 | D:4      | 2754 ||| INVOKING Spit Poison.
  2775 | D:4      | 2775 ||| INVOKING Spit Poison.
  2779 | D:4      | 2779 ||| INVOKING Spit Poison.
  2781 | D:4      | Reached skill level 6 in Ranged Weapons
  2795 | D:4      | 2795 ||| INVOKING Spit Poison.
  2797 | D:4      | Noticed Pikel
  2800 | D:4      | 2800 ||| INVOKING Spit Poison.
  2805 | D:4      | 2805 ||| INVOKING Spit Poison.
  2807 | D:4      | HP: 13/60 [Pikel/+1 whip of freezing (6)]
  2808 | D:4      | HP: 6/60 [Pikel/+1 whip of freezing (1)]
  2808 | D:4      | Slain by Pikel

Levels and vault maps discovered:
D:1:      dpeg_arrival_circle_labyrinth_c, layout_basic,
          shapermc_ecumenical_altar_mp_vishouse, minmay_misc_feat_doors
D:2:      wander_river, layout_basic, amethyst_killhole, minmay_misc_feat_cross,
          uniq_jessica
D:3:      layout_basic, zin_purify, uniq_sigmund
D:4:      layout_basic, gammafunk_temple_overflow_arena, uniq_ijyb, uniq_pikel,
          uniq_crazy_yiuf_cottage, uniq_eustachio

Skill      XL: |  1  2  3  4  5  6 |
---------------+-------------------+-----
Ranged Weapons | 4 5 6 |  6.0
Fighting       | 4 |  4.9
Dodging        | |  1.5
Stealth        | |  1.5

Action                     |  1- 3 |  4- 6 || total
---------------------------+-------+-------++-------
   Fire: Shortbow          |    34 |    87 ||   121
Ability: Spit Poison       |    19 |    33 ||    52
    Use: Scroll            |     4 |     5 ||     9
         Potion            |       |     1 ||     1
 Armour: Leather armour    |     2 |    13 ||    15
  Dodge: Dodged            |     8 |    37 ||    45

Table legend:
 A = Non-vault XP
 B = Vault XP
 C = Vault XP percentage of total XP
 D = Non-vault monster count
 E = Vault monster count
 F = Vault count percentage of total count
                 A         B        C        D         E       F
            +---------+---------+-------+---------+---------+-------
      Total |     301 |     299 |  49.8 |      63 |       3 |   4.5
            +---------+---------+-------+---------+---------+-------
        D:1 |      21 |       0 |   0.0 |      13 |       0 |   0.0
        D:2 |      52 |      37 |  41.6 |      23 |       1 |   4.2
        D:3 |      40 |     223 |  84.8 |      15 |       1 |   6.2
        D:4 |     188 |      39 |  17.2 |      12 |       1 |   7.7
            +---------+---------+-------+---------+---------+-------
